[Event "2026 Biel Blitz Open"]
[Site "Biel, CH"]
[Date "2026.07.19"]
[Round "7"]
[White "Mohammad Nubairshah Shaikh"]
[Black "Aronyak Ghosh"]
[Result "1/2-1/2"]
[Board "2"]
[TimeControl "180+2"]
[WhiteFideId "5053196"]
[BlackFideId "25072846"]
[WhiteElo "2316"]
[BlackElo "2488"]
[WhiteTitle "IM"]
[BlackTitle "IM"]
[WhiteClock "0:00:43"]
[BlackClock "0:01:26"]
[Variant "Standard"]
[EndDate "2026.07.19"]
[EndTime "13:55:05"]

1. c4 Nf6 2. Nc3 c5 3. g3 e6 4. Nf3 Nc6 5. Bg2 d5 6. cxd5 Nxd5 7. O-O Nf6 8. b3 Be7 9. Ba3 Bd7 10. Na4 b6 11. d4 Rc8 12. Rc1 O-O 13. Qd3 cxd4 14. Bxe7 Qxe7 15. Nxd4 1/2-1/2

[Event "2026 Biel Blitz Open"]
[Site "Biel, CH"]
[Date "2026.07.19"]
[Round "7"]
[White "Dong, Hongfu"]
[Black "Kozak, Adam"]
[Result "1-0"]
[Board "3"]
[TimeControl "180+2"]
[WhiteFideId "8626960"]
[BlackFideId "753246"]
[WhiteElo "2290"]
[BlackElo "2537"]
[BlackTitle "GM"]
[WhiteClock "0:00:26"]
[BlackClock "0:00:03"]
[Variant "Standard"]
[EndDate "2026.07.19"]
[EndTime "13:57:36"]

1. e4 e5 2. Nf3 Nc6 3. Bc4 Bc5 4. c3 Nf6 5. d3 d6 6. O-O a5 7. Re1 Ba7 8. Nbd2 O-O 9. h3 Be6 10. Bb5 Ne7 11. d4 Ng6 12. Ba4 Nh5 13. Nf1 Nhf4 14. Ng3 Qf6 15. Bc2 Rfe8 16. Nh5 Qe7 17. Nxf4 Nxf4 18. Bxf4 exf4 19. e5 dxe5 20. Rxe5 Qf6 21. Qd3 g6 22. Rae1 c6 23. Rxa5 b5 24. Ne5 Bd5 25. Bb3 Qe6 26. Ra6 Bxb3 27. axb3 Qxb3 1-0

[Event "2026 Biel Blitz Open"]
[Site "Biel, CH"]
[Date "2026.07.19"]
[Round "7"]
[White "Ghosh, Diptayan"]
[Black "Kukushkin, Ivan"]
[Result "1-0"]
[Board "4"]
[TimeControl "180+2"]
[WhiteFideId "5045207"]
[BlackFideId "11634103"]
[WhiteElo "2530"]
[BlackElo "2265"]
[WhiteTitle "GM"]
[BlackTitle "FM"]
[WhiteClock "0:00:09"]
[BlackClock "0:01:01"]
[Variant "Standard"]
[EndDate "2026.07.19"]
[EndTime "14:03:04"]

1. c4 e5 2. Nc3 Bb4 3. Nd5 Be7 4. Nf3 Nc6 5. e3 Nf6 6. a3 d6 7. Nc3 Be6 8. Be2 O-O 9. O-O d5 10. cxd5 Nxd5 11. Qc2 a6 12. b4 f5 13. Nxd5 Bxd5 14. d3 e4 15. dxe4 fxe4 16. Nd2 Bf6 17. Bb2 Bxb2 18. Qxb2 Qg5 19. Rac1 Ne5 20. Rxc7 Rad8 21. Kh1 Bc6 22. Qc3 Kh8 23. a4 Rd6 24. b5 axb5 25. axb5 Bd5 26. Rc8 Rdf6 27. Rxf8+ Rxf8 28. Qd4 Ng6 29. Nxe4 Qf5 30. Ng3 Qe6 31. e4 Bb3 32. Bf3 Ne5 33. Be2 h6 34. Kg1 Qf6 35. Qe3 Be6 36. h3 Rc8 37. Rd1 Ng6 38. Nh5 Qe5 39. f4 Qb2 40. f5 Rc3 41. Rd8+ Bg8 42. Qd4 Qc1+ 43. Kh2 Rc7 44. fxg6 Qg5 45. Ng3 Qxg6 46. Nf5 Rf7 47. Bf3 b6 48. Rd6 Qg5 49. Rxh6+ 1-0

[Event "2026 Biel Blitz Open"]
[Site "Biel, CH"]
[Date "2026.07.19"]
[Round "7"]
[White "Gautier, Anand"]
[Black "Elmi, Saad Abobaker"]
[Result "1/2-1/2"]
[Board "5"]
[TimeControl "180+2"]
[WhiteFideId "26010186"]
[BlackFideId "1553259"]
[WhiteElo "2198"]
[BlackElo "2409"]
[WhiteTitle "FM"]
[BlackTitle "IM"]
[WhiteClock "0:00:10"]
[BlackClock "0:00:45"]
[Variant "Standard"]
[EndDate "2026.07.19"]
[EndTime "13:59:36"]

1. e4 g6 2. d4 Bg7 3. Nc3 c6 4. Nf3 d5 5. h3 dxe4 6. Nxe4 Nf6 7. Nxf6+ exf6 8. Bc4 O-O 9. O-O b5 10. Bb3 Nd7 11. a4 Nb6 12. a5 Nd5 13. c3 Re8 14. Bc2 a6 15. Bd2 f5 16. b3 h6 17. c4 Nf6 18. Bf4 Ne4 19. Be5 Be6 20. Qd3 bxc4 21. bxc4 c5 22. Bxg7 Kxg7 23. d5 Bd7 24. Nd2 Rb8 25. Rfe1 Qf6 26. Rab1 Nd6 27. Rxe8 Rxe8 28. Nb3 Nb7 29. Qd2 Ba4 30. Na1 Bd7 31. Rxb7 Qxa1+ 32. Rb1 Qe5 33. Rb6 Qa1+ 34. Rb1 Qe5 35. Rb6 Qa1+ 36. Rb1 Qe5 1/2-1/2

[Event "2026 Biel Blitz Open"]
[Site "Biel, CH"]
[Date "2026.07.19"]
[Round "7"]
[White "Thorfinnsson, Bjorn"]
[Black "Savitha Shri B"]
[Result "0-1"]
[Board "6"]
[TimeControl "180+2"]
[WhiteFideId "2300982"]
[BlackFideId "35061887"]
[WhiteElo "2396"]
[BlackElo "2161"]
[WhiteTitle "IM"]
[BlackTitle "IM"]
[WhiteClock "0:00:32"]
[BlackClock "0:00:41"]
[Variant "Standard"]
[EndDate "2026.07.19"]
[EndTime "13:57:18"]

1. d4 Nf6 2. Nf3 g6 3. Bg5 Bg7 4. e3 d5 5. Bd3 O-O 6. Nbd2 c5 7. c3 Qb6 8. Qb3 Nc6 9. Qxb6 axb6 10. a3 Re8 11. Bf4 c4 12. Bc2 Nh5 13. Bc7 b5 14. O-O-O Bd7 15. h3 Rec8 16. Bh2 Bf5 17. e4 dxe4 18. Nxe4 b4 19. g4 Bxe4 20. Bxe4 Nf6 21. Bxc6 Rxc6 22. axb4 Ne4 23. Rhf1 Rf6 24. Nd2 Nxf2 25. Be5 Ra1+ 26. Nb1 Bh6+ 27. Kc2 Nxd1 0-1

[Event "2026 Biel Blitz Open"]
[Site "Biel, CH"]
[Date "2026.07.19"]
[Round "7"]
[White "Filipovic, Branko"]
[Black "Shukhman, Anna"]
[Result "0-1"]
[Board "7"]
[TimeControl "180+2"]
[WhiteFideId "14507951"]
[BlackFideId "54180058"]
[WhiteElo "2109"]
[BlackElo "2392"]
[WhiteTitle "IM"]
[BlackTitle "WGM"]
[WhiteClock "0:02:19"]
[BlackClock "0:01:50"]
[Variant "Standard"]
[EndDate "2026.07.19"]
[EndTime "13:53:03"]

1. d4 d5 2. Bf4 Nf6 3. Nf3 Bf5 4. c4 e6 5. Qb3 Nc6 6. Qxb7 Nb4 7. Na3 dxc4 8. Qxc7 Qxc7 9. Bxc7 Nbd5 10. Be5 Bb4+ 11. Nd2 c3 12. bxc3 Bxa3 13. c4 Nb4 14. e4 Nxe4 0-1

[Event "2026 Biel Blitz Open"]
[Site "Biel, CH"]
[Date "2026.07.19"]
[Round "7"]
[White "Fogo Esquivel, Levi Kalani Alexander"]
[Black "Safarli, Eltaj"]
[Result "0-1"]
[Board "8"]
[TimeControl "180+2"]
[WhiteFideId "5183189"]
[BlackFideId "13402129"]
[WhiteElo "2219"]
[BlackElo "2619"]
[WhiteTitle "FM"]
[BlackTitle "GM"]
[WhiteClock "0:00:12"]
[BlackClock "0:00:26"]
[Variant "Standard"]
[EndDate "2026.07.19"]
[EndTime "13:59:17"]

1. e4 c5 2. Nf3 e6 3. d4 cxd4 4. Nxd4 Nc6 5. Nc3 Bc5 6. Nb3 Bb6 7. Bd3 Nge7 8. Qe2 O-O 9. Be3 d5 10. Bxb6 axb6 11. exd5 exd5 12. O-O d4 13. Ne4 Bf5 14. Rfd1 Re8 15. Qf3 Qd7 16. Qg3 Bg6 17. Qd6 Qc8 18. Qg3 Rd8 19. a3 Nf5 20. Qf4 h6 21. Re1 Nfe7 22. Nd6 Qd7 23. Nc4 Nd5 24. Qg3 Bxd3 25. Qxd3 Qg4 26. Qg3 Qf5 27. Qd3 Qxd3 28. cxd3 f6 29. Red1 b5 30. Ncd2 Nf4 31. Nf3 b4 32. g3 Ne6 33. axb4 Rxa1 34. Rxa1 Nxb4 35. Rd1 g5 36. Kf1 Kf7 37. Ke2 g4 38. Nh4 Rd5 39. f4 Nc6 40. Nd2 Rb5 41. Nc4 Rb3 42. Rd2 h5 43. Nd6+ Ke7 44. Ne4 Ng7 45. Rc2 Rb5 46. Nd2 Ne6 47. Ne4 Nb4 48. Rc4 Na6 49. Rc2 Nb4 50. Rc4 Nd5 51. Nf5+ Kd7 52. Nxd4 Rxb2+ 53. Nd2 b5 54. Rc2 Nxd4+ 0-1

[Event "2026 Biel Blitz Open"]
[Site "Biel, CH"]
[Date "2026.07.19"]
[Round "7"]
[White "Rohrer, Christophe"]
[Black "Gloeckler, Christian"]
[Result "0-1"]
[Board "9"]
[TimeControl "180+2"]
[WhiteFideId "1326546"]
[BlackFideId "34608966"]
[WhiteElo "2216"]
[BlackElo "2513"]
[WhiteTitle "FM"]
[BlackTitle "IM"]
[WhiteClock "0:00:04"]
[BlackClock "0:01:02"]
[Variant "Standard"]
[EndDate "2026.07.19"]
[EndTime "13:57:43"]

1. e4 c5 2. Nf3 d6 3. Bc4 Nf6 4. d3 e6 5. O-O Be7 6. Re1 O-O 7. Nbd2 Nc6 8. a4 a6 9. Bb3 Na5 10. Ba2 b5 11. axb5 axb5 12. c3 Bb7 13. d4 cxd4 14. cxd4 Nc6 15. Nb3 Nb4 16. Bb1 Rxa1 17. Nxa1 Qa8 18. Nb3 Bxe4 19. Bxe4 Nxe4 20. Qe2 Qd5 21. Qxe4 Qxb3 22. Qb7 Nd5 23. Nd2 Qb4 24. Re4 Bf6 25. Nf3 Qc4 26. Re1 Nb4 27. Be3 Nd3 28. Rb1 Qc2 29. Nd2 b4 30. Qe4 d5 31. Qf3 Nxb2 32. Ra1 b3 33. g4 Nc4 34. Nxc4 dxc4 35. g5 b2 36. Rf1 b1=Q 0-1

[Event "2026 Biel Blitz Open"]
[Site "Biel, CH"]
[Date "2026.07.19"]
[Round "7"]
[White "Schweizer, Simon"]
[Black "Ling, Chenxuan"]
[Result "0-1"]
[Board "10"]
[TimeControl "180+2"]
[WhiteFideId "1325361"]
[BlackFideId "30983118"]
[WhiteElo "2182"]
[BlackElo "2235"]
[BlackTitle "CM"]
[WhiteClock "0:00:37"]
[BlackClock "0:00:18"]
[Variant "Standard"]
[EndDate "2026.07.19"]
[EndTime "13:59:43"]

1. e4 c5 2. Nf3 Nc6 3. Bb5 g6 4. O-O Bg7 5. Nc3 e5 6. d3 Nge7 7. a3 d6 8. h3 O-O 9. Rb1 a6 10. Bc4 b5 11. Ba2 h6 12. b4 cxb4 13. axb4 Kh7 14. Nd5 f5 15. c4 bxc4 16. Bxc4 Rb8 17. Bd2 Nxd5 18. Bxd5 Ne7 19. Ba2 Bd7 20. Bc3 Bc6 21. Re1 Qd7 22. Nd2 Rbe8 23. Nc4 Qc7 24. Rc1 Qb8 25. Na5 Bb5 26. d4 fxe4 27. dxe5 d5 28. e6 Qb6 29. Qd2 d4 30. Ba1 e3 31. fxe3 Nf5 32. exd4 Nxd4 33. Kh1 Nxe6 34. Bxg7 Nxg7 35. Rxe8 Rxe8 36. Bb1 Re2 37. Qf4 Qe6 38. Qg3 Nh5 39. Qc7+ Ng7 40. Qg3 Nh5 41. Qc3 Qd5 42. Rg1 Qd6 43. Rc1 Ng3+ 44. Kg1 Re7 45. Qc5 Ne2+ 46. Kh1 Ng3+ 47. Kg1 Qxc5+ 48. Rxc5 Re1+ 49. Kh2 Nf1+ 50. Kg1 Rxb1 51. Rc7+ Kg8 52. Rc8+ Kf7 53. Rc7+ Ke6 54. Rg7 Kf6 55. Rh7 h5 56. Rb7 Kg5 57. Kf2 Nd2 58. Rb6 Rxb4 59. Nc6 Rb2 60. Nd4 Nc4+ 0-1

[Event "2026 Biel Blitz Open"]
[Site "Biel, CH"]
[Date "2026.07.19"]
[Round "7"]
[White "Amonatov, Farrukh"]
[Black "Ragavan, Samarth Rajesh"]
[Result "1-0"]
[Board "11"]
[TimeControl "180+2"]
[WhiteFideId "14700077"]
[BlackFideId "39918106"]
[WhiteElo "2585"]
[BlackElo "2101"]
[WhiteTitle "GM"]
[WhiteClock "0:01:46"]
[BlackClock "0:00:48"]
[Variant "Standard"]
[EndDate "2026.07.19"]
[EndTime "13:56:11"]

1. e4 d5 2. exd5 Qxd5 3. Nc3 Qa5 4. d4 Nf6 5. Nf3 Bf5 6. Bc4 e6 7. Bd2 Bb4 8. a3 Bxc3 9. Bxc3 Qb6 10. O-O O-O 11. Qe2 Nc6 12. Rad1 Rad8 13. h3 Rfe8 14. Rfe1 h6 15. Bb3 Be4 16. Ba4 Re7 17. Bxc6 Qxc6 18. Ne5 Qd5 19. f3 Bh7 20. Bb4 Rde8 21. c4 Qd8 22. Bxe7 Qxe7 23. Qf2 Rd8 24. d5 a6 25. dxe6 fxe6 26. Qe3 Rd6 27. Ng4 Rxd1 28. Rxd1 Nxg4 29. hxg4 Bg6 30. Qe5 c6 31. b4 Bf7 32. Qb8+ Kh7 33. Qd8 Qxd8 34. Rxd8 e5 35. c5 Bc4 36. Rd7 Kg6 37. Rxb7 Kf6 38. a4 g5 39. Rb6 1-0

[Event "2026 Biel Blitz Open"]
[Site "Biel, CH"]
[Date "2026.07.19"]
[Round "7"]
[White "Langner, Robin"]
[Black "Alexakis, Dimitris"]
[Result "0-1"]
[Board "12"]
[TimeControl "180+2"]
[WhiteFideId "34606190"]
[BlackFideId "4277023"]
[WhiteElo "2059"]
[BlackElo "2459"]
[BlackTitle "GM"]
[WhiteClock "0:00:59"]
[BlackClock "0:01:45"]
[Variant "Standard"]
[EndDate "2026.07.19"]
[EndTime "13:54:50"]

1. d4 Nf6 2. c4 e6 3. g3 Bb4+ 4. Nd2 d5 5. Bg2 O-O 6. Ngf3 b6 7. a3 Be7 8. cxd5 exd5 9. Ne5 c5 10. O-O Bb7 11. Ndc4 Re8 12. Bg5 h6 13. Bxf6 Bxf6 14. f4 Qe7 15. Ne3 Rd8 16. Rc1 Nc6 17. Nf5 Qf8 18. Nxc6 Bxc6 19. dxc5 Bxb2 20. Rc2 Ba4 21. Qb1 Bxc2 22. Qxb2 0-1

[Event "2026 Biel Blitz Open"]
[Site "Biel, CH"]
[Date "2026.07.19"]
[Round "7"]
[White "Haimovich, Tal"]
[Black "Stefan, Iulia-Cristiana"]
[Result "1-0"]
[Board "13"]
[TimeControl "180+2"]
[WhiteFideId "2801698"]
[BlackFideId "1273876"]
[WhiteElo "2347"]
[BlackElo "2050"]
[WhiteTitle "IM"]
[BlackTitle "WFM"]
[WhiteClock "0:00:05"]
[BlackClock "0:00:24"]
[Variant "Standard"]
[EndDate "2026.07.19"]
[EndTime "14:07:31"]

1. Nf3 d5 2. b3 Nf6 3. Bb2 e6 4. e3 Be7 5. c4 O-O 6. Be2 c5 7. O-O Nc6 8. cxd5 Nxd5 9. Nc3 Bf6 10. Rc1 b6 11. Qc2 Ndb4 12. Qb1 Bb7 13. Rfd1 Qe7 14. a3 Na6 15. Nb5 Bxb2 16. Qxb2 Rac8 17. d4 cxd4 18. exd4 Rfd8 19. b4 Nab8 20. Bf1 a6 21. Nc3 Nd7 22. d5 exd5 23. Nxd5 Qf8 24. h3 b5 25. Bd3 Ndb8 26. Be4 Ne7 27. Nf6+ gxf6 28. Bxb7 Rxc1 29. Rxc1 Nd5 30. Bxd5 Rxd5 31. Qxf6 Rd6 32. Qf4 Rc6 33. Rd1 Rc8 34. Qg4+ Kh8 35. Ne5 Nc6 36. Nxf7+ 1-0

[Event "2026 Biel Blitz Open"]
[Site "Biel, CH"]
[Date "2026.07.19"]
[Round "7"]
[White "Xu, Chang(CQ)"]
[Black "Tureshbayev, Anuar"]
[Result "0-1"]
[Board "14"]
[TimeControl "180+2"]
[WhiteFideId "8641757"]
[BlackFideId "651081709"]
[WhiteElo "2049"]
[BlackElo "2328"]
[BlackTitle "FM"]
[WhiteClock "0:00:10"]
[BlackClock "0:00:16"]
[Variant "Standard"]
[EndDate "2026.07.19"]
[EndTime "14:00:48"]

1. e4 c6 2. d4 d5 3. e5 c5 4. Nf3 cxd4 5. Nxd4 Nc6 6. Nxc6 bxc6 7. Bd3 e6 8. Nd2 Bc5 9. Nf3 Ne7 10. O-O Ng6 11. Qe2 O-O 12. c4 Ba6 13. b3 Rb8 14. Bg5 Be7 15. Bd2 Qd7 16. Rfe1 Rfd8 17. Rad1 dxc4 18. Bxc4 Bxc4 19. Qxc4 Qd5 20. Qc2 c5 21. Ba5 Qc6 22. Bxd8 Bxd8 23. Qc4 Bc7 24. Rc1 Bb6 25. b4 Rc8 26. h4 Ne7 27. Qe4 Nd5 28. bxc5 Bxc5 29. Ng5 g6 30. Nf3 Qb6 31. Rc2 Nb4 32. Rce2 Rd8 33. Rb1 Qa5 34. Qc4 Rc8 35. Qf4 Nd3 36. Qf6 Nxf2 37. Rxf2 Bxf2+ 38. Kh2 Qd8 39. Qf4 Qd5 40. Ng5 Rf8 41. Qxf2 Qxe5+ 42. Qg3 Qf5 43. Rb7 h6 44. Nf3 Qa5 45. Qc7 Qxa2 46. Rxa7 Qf2 47. Rb7 Qe3 48. Rb8 Rxb8 49. Qxb8+ Kh7 50. Qg3 Qb6 51. Qf4 Qb7 52. Ne5 Kg7 53. Nf3 f6 54. Qd6 e5 55. Qe6 Qc7 56. Qg4 e4+ 57. Kg1 exf3 58. gxf3 Qc5+ 59. Kf1 Qb5+ 60. Kg1 Qc5+ 61. Kf1 h5 62. Qd7+ Kh6 63. Qd2+ Kg7 64. Qd7+ Kh6 65. Qd2+ g5 66. hxg5+ Qxg5 67. Qd8 Qb5+ 68. Kf2 Qc5+ 69. Kg2 Qc2+ 70. Kg3 Qg6+ 71. Kf2 h4 72. Qh8+ Kg5 73. Ke3 f5 74. Qd8+ Kh5 75. Qh8+ Qh6+ 76. Kd4 0-1

[Event "2026 Biel Blitz Open"]
[Site "Biel, CH"]
[Date "2026.07.19"]
[Round "7"]
[White "Omar, Noaman"]
[Black "Stefan, Romulus-Cristian"]
[Result "0-1"]
[Board "15"]
[TimeControl "180+2"]
[WhiteFideId "9300244"]
[BlackFideId "1232835"]
[WhiteElo "2274"]
[BlackElo "2048"]
[WhiteTitle "IM"]
[BlackTitle "CM"]
[WhiteClock "0:00:04"]
[BlackClock "0:00:33"]
[Variant "Standard"]
[EndDate "2026.07.19"]
[EndTime "13:57:58"]

1. d4 d5 2. c4 e6 3. Nc3 Nf6 4. cxd5 exd5 5. Bg5 Be7 6. e3 h6 7. Bh4 Bg4 8. f3 Be6 9. Bd3 O-O 10. Bf2 c5 11. Nge2 Nc6 12. O-O a6 13. Rc1 Rc8 14. Nf4 Qd7 15. dxc5 Bxc5 16. Na4 Ba7 17. Nc5 Bxc5 18. Rxc5 Qd6 19. Rc2 Bd7 20. Qd2 Rfe8 21. Rfc1 Ne5 22. Rxc8 Rxc8 23. Rxc8+ Bxc8 24. Be2 Qc6 25. b3 g5 26. Nd3 Ng6 27. Nb4 Qe6 28. Nc2 Bd7 29. Nd4 Qe7 30. Bg3 Qc5 31. Be1 Ne5 32. Qc3 Qd6 33. Bg3 Nh5 34. Bf2 Nf6 0-1

[Event "2026 Biel Blitz Open"]
[Site "Biel, CH"]
[Date "2026.07.19"]
[Round "7"]
[White "Cao, Qingfeng"]
[Black "Nguyen Thi Mai Hung"]
[Result "1-0"]
[Board "16"]
[TimeControl "180+2"]
[WhiteFideId "8627568"]
[BlackFideId "12401676"]
[WhiteElo "2264"]
[BlackElo "2039"]
[WhiteTitle "IM"]
[BlackTitle "WGM"]
[WhiteClock "0:00:15"]
[BlackClock "0:00:11"]
[Variant "Standard"]
[EndDate "2026.07.19"]
[EndTime "14:07:24"]

1. d4 d5 2. c4 c6 3. Nf3 Nf6 4. Qc2 g6 5. Bf4 Bg7 6. e3 Bf5 7. Qb3 Qb6 8. c5 Qxb3 9. axb3 O-O 10. b4 a6 11. Nbd2 Nbd7 12. Nb3 Nh5 13. Bg5 f6 14. Bh4 g5 15. Bg3 Nxg3 16. hxg3 Rac8 17. Kd2 h6 18. Bd3 Be6 19. Ng1 Bf7 20. Ne2 e5 21. Bf5 Rc7 22. g4 Re8 23. Ng3 Nf8 24. Rh3 Ne6 25. Rah1 exd4 26. Nxd4 Nxd4 27. exd4 Rce7 28. Bd3 Be6 29. f3 Kf7 30. Nh5 Bf8 31. Re1 Bc8 32. Rxe7+ Rxe7 33. Rh1 Bd7 34. Ng3 Bg7 35. Bf5 Be8 36. Bc8 Rc7 37. Bf5 Re7 38. Re1 Rxe1 39. Kxe1 Ke7 40. Bc8 Kd8 41. Bxb7 Kc7 42. Bxa6 Bd7 43. Bd3 f5 44. Bxf5 Bxd4 45. Bxd7 Kxd7 46. Kd2 Bxb2 47. Nf5 Ke6 48. Kd3 h5 49. Nh6 h4 50. Nf5 Be5 51. Ne3 Ba1 52. Nd1 Ke5 53. Ke3 Bd4+ 54. Ke2 Kf4 55. Kf1 Kg3 56. b5 cxb5 57. c6 Bb6 58. Nc3 d4 59. Nxb5 d3 60. Nc3 Kf4 61. Nd5+ Ke5 62. Nxb6 Kd6 63. Nc4+ Kxc6 64. Ne5+ Kd5 65. Nxd3 Kd4 66. Nf2 Ke3 67. Nh3 1-0

[Event "2026 Biel Blitz Open"]
[Site "Biel, CH"]
[Date "2026.07.19"]
[Round "7"]
[White "Rappazzo, Johannes"]
[Black "Gluckman, David"]
[Result "1-0"]
[Board "17"]
[TimeControl "180+2"]
[WhiteFideId "1340069"]
[BlackFideId "14300010"]
[WhiteElo "2032"]
[BlackElo "2240"]
[WhiteTitle "FM"]
[BlackTitle "IM"]
[WhiteClock "0:00:37"]
[BlackClock "0:01:57"]
[Variant "Standard"]
[EndDate "2026.07.19"]
[EndTime "13:54:56"]

1. e4 e6 2. d4 d5 3. Nc3 Nf6 4. Bg5 dxe4 5. Nxe4 Be7 6. Bxf6 gxf6 7. Nf3 a6 8. Qe2 b5 9. O-O-O Bb7 10. Kb1 O-O 11. Qe3 Nd7 12. Bd3 f5 13. Nc5 Nxc5 14. dxc5 Bxf3 15. Qxf3 Qe8 16. g4 fxg4 17. Qxg4+ Kh8 18. Bxh7 f5 19. Qh3 Kg7 20. Rhg1+ Kf6 21. Qh6+ Ke5 22. Rge1# 1-0

[Event "2026 Biel Blitz Open"]
[Site "Biel, CH"]
[Date "2026.07.19"]
[Round "7"]
[White "Liu, Bei"]
[Black "El-Mais, Ibaa"]
[Result "0-1"]
[Board "18"]
[TimeControl "180+2"]
[WhiteFideId "8603596"]
[BlackFideId "1312715"]
[WhiteElo "2170"]
[BlackElo "2012"]
[WhiteClock "0:00:07"]
[BlackClock "0:00:05"]
[Variant "Standard"]
[EndDate "2026.07.19"]
[EndTime "14:06:10"]

1. e4 e5 2. Nf3 Nc6 3. Bb5 a6 4. Ba4 Nge7 5. c3 d6 6. d4 Bd7 7. O-O Ng6 8. Re1 Be7 9. Nbd2 O-O 10. Nf1 Bg4 11. d5 Nb8 12. h3 Bc8 13. Ng3 Nh4 14. Bc2 g6 15. Bh6 Re8 16. c4 Nd7 17. b4 Bf8 18. Be3 Nxf3+ 19. Qxf3 Qh4 20. Ba4 Bh6 21. c5 Bxe3 22. Qxe3 Rf8 23. cxd6 cxd6 24. Rac1 f5 25. exf5 gxf5 26. Nf1 f4 27. Qf3 Nf6 28. Bc2 Kh8 29. Bd3 Rg8 30. Kh1 Rg7 31. Nh2 Bd7 32. Rc2 Rag8 33. Rg1 Rg5 34. Rc7 R5g7 35. Rgc1 Rxg2 36. Rxd7 Rxh2+ 37. Kxh2 Nxd7 38. Rc7 Nf6 39. Bf5 Rg5 40. Be6 e4 41. Rc8+ Kg7 42. Qc3 Qxf2+ 0-1

[Event "2026 Biel Blitz Open"]
[Site "Biel, CH"]
[Date "2026.07.19"]
[Round "7"]
[White "Garcia, Miguel"]
[Black "Fernandes Barbosa Dos Santos, Gabriel"]
[Result "0-1"]
[Board "19"]
[TimeControl "180+2"]
[WhiteFideId "1317431"]
[BlackFideId "1354388"]
[WhiteElo "1938"]
[BlackElo "2167"]
[BlackTitle "CM"]
[WhiteClock "0:00:07"]
[BlackClock "0:00:36"]
[Variant "Standard"]
[EndDate "2026.07.19"]
[EndTime "13:57:51"]

1. Nf3 d5 2. d4 Nf6 3. Bf4 e6 4. e3 c5 5. Nbd2 Nc6 6. c3 Bd6 7. Bg3 O-O 8. Bd3 b6 9. Ne5 Qc7 10. Ndf3 Bb7 11. a3 Ne7 12. Qc2 Ne4 13. O-O f6 14. Ng4 h5 15. Nxf6+ Rxf6 16. dxc5 Bxg3 17. hxg3 Nxc5 18. Be2 e5 19. Rad1 Raf8 20. c4 Ne6 21. Rc1 d4 22. e4 Nc5 23. Nd2 Qd6 24. b4 Ne6 25. c5 bxc5 26. bxc5 Qc6 27. Bf3 Ng5 28. Qb3+ Kh8 29. Rb1 Nxf3+ 30. gxf3 Ba8 31. Rfc1 Rxf3 32. Nxf3 Qxe4 33. Qc2 Qxf3 34. Kf1 Qg2+ 35. Ke1 Qg1+ 36. Kd2 Rxf2+ 0-1

[Event "2026 Biel Blitz Open"]
[Site "Biel, CH"]
[Date "2026.07.19"]
[Round "7"]
[White "Matsumura, Cocoro"]
[Black "Python, Noe"]
[Result "1-0"]
[Board "20"]
[TimeControl "180+2"]
[WhiteFideId "36087114"]
[BlackFideId "1337637"]
[WhiteElo "2131"]
[BlackElo "2010"]
[WhiteTitle "CM"]
[WhiteClock "0:00:20"]
[BlackClock "0:00:41"]
[Variant "Standard"]
[EndDate "2026.07.19"]
[EndTime "14:07:05"]

1. e4 c6 2. d4 d5 3. e5 c5 4. dxc5 e6 5. c3 Bxc5 6. Qg4 g6 7. h4 h5 8. Qg3 Nh6 9. Bg5 Be7 10. Bd3 Nc6 11. Nf3 Bd7 12. Nbd2 Nf5 13. Bxf5 gxf5 14. Qf4 Qc7 15. O-O-O f6 16. exf6 Qxf4 17. f7+ Kxf7 18. Bxf4 Bf6 19. Rhe1 Rhe8 20. Nb3 b6 21. Bg3 Rg8 22. Rg1 Rg4 23. Nh2 Ra4 24. Nf3 Rxa2 25. Rge1 Rg8 26. Re2 Ra4 27. Rg1 Rag4 28. Nh2 Rc4 29. Nd2 Ra4 30. Nhf3 Ra1+ 31. Nb1 Rc8 32. Nfd2 b5 33. Nb3 Ra4 34. Rge1 Bxh4 35. Nc5 Bxg3 36. fxg3 Ke7 37. Nxa4 bxa4 38. Na3 Nb4 39. Kd2 Nc6 40. Nb5 a6 41. Na3 e5 42. Nc2 Kf6 43. Ne3 Be6 44. Rh1 Kg5 45. Nc2 Na5 46. Kc1 Nc4 47. Nd4 exd4 48. Rxe6 dxc3 49. bxc3 Na3 50. Rxa6 Rxc3+ 51. Kb2 Rxg3 52. Rxa4 Nc4+ 53. Kc2 Rxg2+ 54. Kc3 h4 55. Kd4 Rd2+ 56. Kc3 Rg2 57. Ra8 Rg4 58. Rg8+ Kf4 59. Rf8 Rg3+ 60. Kd4 h3 61. Kxd5 Ne3+ 62. Kd4 Ng4 63. Rf1 Kg5 64. R8xf5+ Kh4 65. Rf8 Nh6 66. Rh8 Kh5 67. Rf6 Rg6 68. Rxg6 Kxg6 69. Ra8 Ng4 70. Ra1 Nf2 71. Ke3 Ng4+ 72. Kf4 Nf6 73. Kg3 Ne4+ 74. Kxh3 Kf5 75. Kg2 Ke5 76. Ra5+ Kd4 77. Kf3 Nd2+ 78. Kf4 Nc4 79. Ra4 Kd5 80. Ra1 Kd4 81. Rd1+ Kc3 82. Ke4 Nd6+ 83. Rxd6 1-0

[Event "2026 Biel Blitz Open"]
[Site "Biel, CH"]
[Date "2026.07.19"]
[Round "7"]
[White "Clausen, Martin"]
[Black "Hakimifard, Ghazal"]
[Result "1/2-1/2"]
[Board "21"]
[TimeControl "180+2"]
[WhiteFideId "1314882"]
[BlackFideId "12506540"]
[WhiteElo "1956"]
[BlackElo "2130"]
[BlackTitle "WGM"]
[WhiteClock "0:00:14"]
[BlackClock "0:00:11"]
[Variant "Standard"]
[EndDate "2026.07.19"]
[EndTime "14:07:14"]

1. e4 c5 2. a3 e6 3. b4 cxb4 4. axb4 Bxb4 5. Bb2 Nf6 6. e5 Nd5 7. c4 Nc7 8. Qg4 O-O 9. Nf3 Nc6 10. Bd3 Be7 11. Nc3 Nb4 12. Bb1 f5 13. exf6 Bxf6 14. O-O Qe7 15. c5 Nbd5 16. d4 Nxc3 17. Bxc3 Nd5 18. Bb2 Rb8 19. Re1 b6 20. cxb6 Rxb6 21. Ba3 d6 22. Be4 Qf7 23. Rec1 Bb7 24. Bxd6 Rxd6 25. Rxa7 Rd7 26. h4 Bc8 27. Ra8 Rc7 28. Rca1 Be7 29. Qg3 Qf4 30. Ne5 Qxg3 31. fxg3 Bb7 32. R8a7 Rfc8 33. Kh2 Bc6 34. R7a6 Bf6 35. R1a5 Bxe5 36. dxe5 Ne7 37. Bd3 Bd5 38. Be2 1/2-1/2

[Event "2026 Biel Blitz Open"]
[Site "Biel, CH"]
[Date "2026.07.19"]
[Round "7"]
[White "Erne, Raphael"]
[Black "Alexakis, Dimitrios"]
[Result "1-0"]
[Board "22"]
[TimeControl "180+2"]
[WhiteFideId "1341928"]
[BlackFideId "4200527"]
[WhiteElo "2128"]
[BlackElo "1895"]
[WhiteClock "0:00:09"]
[BlackClock "0:00:07"]
[Variant "Standard"]
[EndDate "2026.07.19"]
[EndTime "14:02:07"]

1. c4 e5 2. g3 Nf6 3. Bg2 d5 4. cxd5 Nxd5 5. Nf3 Nc6 6. O-O Be7 7. d4 exd4 8. Nxd4 Nxd4 9. Qxd4 Nf6 10. Qa4+ c6 11. Rd1 Qb6 12. Be3 Qc7 13. Nc3 O-O 14. Rac1 Be6 15. Qc2 a6 16. Na4 b5 17. Nb6 Rad8 18. Qxc6 Qxc6 19. Bxc6 Bxa2 20. Rxd8 Rxd8 21. Ra1 Bc4 22. Nxc4 bxc4 23. Rxa6 Ng4 24. Bf4 Bc5 25. e3 h6 26. h3 Nf6 27. Be5 Rd1+ 28. Kg2 Rd2 29. Ra8+ Kh7 30. Kf3 Kg6 31. h4 h5 32. Rc8 Rxb2 33. Bxb2 1-0

[Event "2026 Biel Blitz Open"]
[Site "Biel, CH"]
[Date "2026.07.19"]
[Round "7"]
[White "Ashwath Kaushik"]
[Black "Hajduk, Tomasz"]
[Result "1-0"]
[Board "23"]
[TimeControl "180+2"]
[WhiteFideId "33387230"]
[BlackFideId "21811415"]
[WhiteElo "2122"]
[BlackElo "1791"]
[WhiteTitle "FM"]
[WhiteClock "0:01:11"]
[BlackClock "0:00:16"]
[Variant "Standard"]
[EndDate "2026.07.19"]
[EndTime "13:57:28"]

1. e4 c5 2. Nf3 d6 3. d4 cxd4 4. Nxd4 Nf6 5. Nc3 a6 6. Nb3 e5 7. Bg5 Be7 8. Bxf6 Bxf6 9. Nd5 Be6 10. Qd3 Nd7 11. O-O-O O-O 12. f3 Rc8 13. Nxf6+ Qxf6 14. Qxd6 Rfd8 15. Qb4 b5 16. Bd3 Nb6 17. Kb1 h6 18. h4 Nc4 19. Bxc4 bxc4 20. Nc5 Rb8 21. Qc3 Rd4 22. Nxe6 Qxe6 23. Rxd4 exd4 24. Qxd4 a5 25. Qc3 a4 26. a3 Qg6 27. g4 Qc6 28. Rd1 Qc5 29. Rd4 Qb6 30. Rxc4 Qg1+ 31. Ka2 Qf2 32. Rxa4 Qxh4 33. Rb4 Rd8 34. Rc4 Qe7 35. b3 g6 36. Rc8 h5 37. gxh5 gxh5 38. Rc5 h4 39. Rh5 Ra8 40. Rh8# 1-0